SAAA
PORT ROYAL DISASTER @ PHOENIX HOTSPUR RESERVES
08/01/2020
 
TOP OF THE 1ST
Port Royal Disaster batting - Pitching for Phoenix Hotspur Reserves : RHP Cory Sanders
Pitching: RHP Cory Sanders
Batting: LHB Chris Whiteside 0-0: Ball
1-0: Ball
2-0: Ball
3-0: Base on Balls
Batting: RHB Clement Fields 0-0: Ball
1-0: Called Strike
1-1: Ball
2-1: Grounds into double play, 6-4-3 (Groundball, 56)
Batting: RHB Mike Green 0-0: Ball
1-0: Called Strike
1-1: Swinging Strike
1-2: Fly out, F8 (Flyball, 8RS)
Top of the 1st over - 0 run(s), 0 hit(s), 0 error(s), 0 left on base; Port Royal 0 - Phoenix 0
BOTTOM OF THE 1ST
Phoenix Hotspur Reserves batting - Pitching for Port Royal Disaster : RHP Cipriano Costa
Pitching: RHP Cipriano Costa
Batting: SHB Roberto López 0-0: Called Strike
0-1: Ground out U3 (Groundball, 3S)
Batting: LHB Alberto Torres 0-0: Called Strike
0-1: Swinging Strike
0-2: Strikes out swinging
Batting: RHB Paul Campbell 0-0: Fly out, F8 (Flyball, 8LXD)
Bottom of the 1st over - 0 run(s), 0 hit(s), 0 error(s), 0 left on base; Port Royal 0 - Phoenix 0
TOP OF THE 2ND
Port Royal Disaster batting - Pitching for Phoenix Hotspur Reserves : RHP Cory Sanders
Batting: RHB Toshitsugu Sakamoto 0-0: Ball
1-0: Foul Ball, location: 2F
1-1: Called Strike
1-2: Ball
2-2: Ball
3-2: Base on Balls
Batting: LHB Nelson Sanders 0-0: Ball
1-0: Swinging Strike
1-1: Ball
2-1: Ball
3-1: Base on Balls
Toshitsugu Sakamoto to second
Batting: RHB Wayne Rose 0-0: Fly out, F4 (Popup, 4MD)
Batting: LHB Brian Boone 0-0: Ball
1-0: Ball
2-0: Fielders Choice at 2nd, 1-4 (Groundball, 15)
Toshitsugu Sakamoto to third
Batting: SHB Tim Moss 0-0: Ball
1-0: Called Strike
1-1: Foul Ball, location: 2F
1-2: Fly out, F5 (Popup, 25F)
Top of the 2nd over - 0 run(s), 0 hit(s), 0 error(s), 2 left on base; Port Royal 0 - Phoenix 0
BOTTOM OF THE 2ND
Phoenix Hotspur Reserves batting - Pitching for Port Royal Disaster : RHP Cipriano Costa
Batting: LHB Dave Wynn 0-0: Ball
1-0: Called Strike
1-1: Foul Ball, location: 2F
1-2: Ball
2-2: Foul Ball, location: 2F
2-2: Strikes out looking
Batting: RHB José Bocanegra 0-0: Foul Ball, location: 2F
0-1: Ball
1-1: Fly out, F7 (Flyball, 78M)
Batting: LHB Edgardo Téllez 0-0: Ball
1-0: SOLO HOME RUN (Line Drive, 9D), Distance : 393 ft
Batting: RHB Greg Griffin 0-0: Ground out 5-3 (Groundball, 5)
Bottom of the 2nd over - 1 run(s), 1 hit(s), 0 error(s), 0 left on base; Port Royal 0 - Phoenix 1
TOP OF THE 3RD
Port Royal Disaster batting - Pitching for Phoenix Hotspur Reserves : RHP Cory Sanders
Batting: RHB Martín Méndez 0-0: Foul Ball, location: 2F
0-1: Foul Ball, location: 2F
0-2: Fly out, F9 (Flyball, 9M)
Batting: LHB Chris Whiteside 0-0: SINGLE (Groundball, 34S)
Batting: RHB Clement Fields 0-0: Ball
1-0: Ball
2-0: Fly out, F9 (Flyball, 9LM)
Batting: RHB Mike Green 0-0: Ball
1-0: Ball
Chris Whiteside steals 2nd base
2-0: Ball
3-0: Called Strike
3-1: Base on Balls
Batting: RHB Toshitsugu Sakamoto 0-0: Swinging Strike
0-1: Foul Ball, location: 2F
0-2: Foul Ball, location: 2F
0-2: Fly out, F8 (Line Drive, 8LXD)
Top of the 3rd over - 0 run(s), 1 hit(s), 0 error(s), 2 left on base; Port Royal 0 - Phoenix 1
BOTTOM OF THE 3RD
Phoenix Hotspur Reserves batting - Pitching for Port Royal Disaster : RHP Cipriano Costa
Batting: RHB Jaime Chavarriaga 0-0: Foul Ball, location: 2F
0-1: Ball
1-1: Called Strike
1-2: Ball
2-2: Ball
3-2: SINGLE (Groundball, 23) (infield hit)
Batting: SHB John Jenkins 0-0: Ball
1-0: Called Strike
1-1: Ball
2-1: Foul Ball, location: 2F
2-2: 2-RUN HOME RUN (Flyball, 89XD), Distance : 412 ft
Batting: SHB Roberto López 0-0: Called Strike
0-1: Called Strike
0-2: Ball
1-2: Foul Ball, location: 2F
1-2: Ball
2-2: Ball
3-2: Ground out 6-3 (Groundball, 6M)
Batting: LHB Alberto Torres 0-0: Called Strike
0-1: Ground out 4-3 (Groundball, 34)
Batting: RHB Paul Campbell 0-0: Ball
1-0: Foul Ball, location: 2F
1-1: Ball
2-1: Ball
3-1: SINGLE (Groundball, 4D)
Batting: LHB Dave Wynn 0-0: Ball
1-0: Swinging Strike
1-1: SINGLE (Line Drive, 7S)
Paul Campbell to second
Batting: RHB José Bocanegra 0-0: Called Strike
0-1: Ball
1-1: Ball
2-1: Foul Ball, location: 2F
2-2: Ball
3-2: Foul Ball, location: 2F
3-2: Base on Balls
Paul Campbell to third
Dave Wynn to second
Batting: LHB Edgardo Téllez 0-0: Ball
1-0: Ball
2-0: Ball
3-0: Base on Balls
Paul Campbell scores
Dave Wynn to third
José Bocanegra to second
Batting: RHB Greg Griffin 0-0: Ball
Wild Pitch!
Dave Wynn scores
José Bocanegra to third
Edgardo Téllez to second
1-0: Ball
2-0: Foul Ball, location: 2F
2-1: Ball
3-1: Base on Balls
Batting: RHB Jaime Chavarriaga 0-0: Foul Ball, location: 2F
0-1: Called Strike
0-2: Ground out 6-3 (Groundball, 6)
Bottom of the 3rd over - 4 run(s), 4 hit(s), 0 error(s), 3 left on base; Port Royal 0 - Phoenix 5
TOP OF THE 4TH
Port Royal Disaster batting - Pitching for Phoenix Hotspur Reserves : RHP Cory Sanders
Batting: LHB Nelson Sanders 0-0: Called Strike
0-1: Ball
1-1: DOUBLE (Line Drive, 3L)
Batting: RHB Wayne Rose 0-0: Swinging Strike
0-1: Swinging Strike
0-2: Ball
1-2: SINGLE (Groundball, 4MD)
Nelson Sanders to third
Runner from 3rd tries for Home, SAFE, no throw or cutoff
Batting: LHB Brian Boone 0-0: Fly out, F8 (Flyball, 89M)
Batting: SHB Tim Moss 0-0: Called Strike
Wayne Rose is caught stealing 2nd base
0-1: Ball
1-1: Swinging Strike
1-2: Ball
2-2: Ground out 4-3 (Groundball, 34)
Top of the 4th over - 1 run(s), 2 hit(s), 0 error(s), 0 left on base; Port Royal 1 - Phoenix 5
BOTTOM OF THE 4TH
Phoenix Hotspur Reserves batting - Pitching for Port Royal Disaster : RHP Cipriano Costa
Batting: SHB John Jenkins 0-0: Called Strike
0-1: Called Strike
0-2: Fly out, F7 (Flyball, 78XD)
Batting: SHB Roberto López 0-0: Called Strike
0-1: Swinging Strike
0-2: Ball
1-2: Ball
2-2: Ball
3-2: Foul Ball, location: 2F
3-2: Foul Ball, location: 2F
3-2: SINGLE (Flyball, 89S)
Batting: LHB Alberto Torres 0-0: Ball
1-0: Foul Ball, location: 2F
1-1: DOUBLE (Groundball, 3L)
Roberto López to third
Runner from 3rd tries for Home, SAFE, no throw or cutoff
Batting: RHB Paul Campbell 0-0: Called Strike
0-1: Ball
1-1: Ball
2-1: Swinging Strike
2-2: Ball
3-2: Foul Ball, location: 2F
3-2: SINGLE (Line Drive, 6MD)
Alberto Torres to third
Runner from 3rd tries for Home, SAFE, throw made home
Pitching: RHP Santiago Hernández
Batting: LHB Dave Wynn 0-0: Foul Ball, location: 2F
0-1: Swinging Strike
0-2: Foul Ball, location: 2F
0-2: Foul Ball, location: 2F
0-2: Strikes out looking
Batting: RHB José Bocanegra 0-0: Swinging Strike
0-1: Fly out, F3 (Popup, 3SF)
Bottom of the 4th over - 2 run(s), 3 hit(s), 0 error(s), 1 left on base; Port Royal 1 - Phoenix 7
TOP OF THE 5TH
Port Royal Disaster batting - Pitching for Phoenix Hotspur Reserves : RHP Cory Sanders
Batting: RHB Martín Méndez 0-0: Swinging Strike
0-1: Fly out, F6 (Popup, 56D)
Batting: LHB Chris Whiteside 0-0: Foul Ball, location: 2F
0-1: Bunt for hit - play at first, batter OUT! 2-3
Batting: RHB Clement Fields 0-0: Ball
1-0: Ball
2-0: Ground out 1-3 (Groundball, 23)
Top of the 5th over - 0 run(s), 0 hit(s), 0 error(s), 0 left on base; Port Royal 1 - Phoenix 7
BOTTOM OF THE 5TH
Phoenix Hotspur Reserves batting - Pitching for Port Royal Disaster : RHP Santiago Hernández
Batting: LHB Edgardo Téllez 0-0: Called Strike
0-1: Swinging Strike
0-2: Foul Ball, location: 2F
0-2: SINGLE (Groundball, 34)
Batting: RHB Greg Griffin 0-0: Called Strike
Edgardo Téllez is caught stealing 2nd base
0-1: Ground out 4-3 (Groundball, 4)
Batting: RHB Jaime Chavarriaga 0-0: Ball
1-0: Fly out, F8 (Flyball, 8RS)
Bottom of the 5th over - 0 run(s), 1 hit(s), 0 error(s), 0 left on base; Port Royal 1 - Phoenix 7
TOP OF THE 6TH
Port Royal Disaster batting - Pitching for Phoenix Hotspur Reserves : RHP Cory Sanders
Batting: RHB Mike Green 0-0: Ball
1-0: Fly out, F7 (Flyball, 7S)
Batting: RHB Toshitsugu Sakamoto 0-0: Foul Ball, location: 2F
0-1: Swinging Strike
0-2: Foul Ball, location: 2F
0-2: Ball
1-2: Foul Ball, location: 2F
1-2: Ball
2-2: Ball
3-2: Base on Balls
Batting: LHB Nelson Sanders 0-0: Called Strike
0-1: Swinging Strike
0-2: Foul Ball, location: 2F
0-2: Ball
1-2: Ball
2-2: Ball
3-2: Base on Balls
Toshitsugu Sakamoto to second
Batting: RHB Wayne Rose 0-0: Ball
1-0: Ball
2-0: Grounds into double play, 1-4-3 (Groundball, 13)
Top of the 6th over - 0 run(s), 0 hit(s), 0 error(s), 1 left on base; Port Royal 1 - Phoenix 7
BOTTOM OF THE 6TH
Phoenix Hotspur Reserves batting - Pitching for Port Royal Disaster : RHP Santiago Hernández
Batting: SHB John Jenkins 0-0: Called Strike
0-1: Ground out 3-1 (Groundball, 3L)
Batting: SHB Roberto López 0-0: Ball
1-0: Foul Ball, location: 2F
1-1: Swinging Strike
1-2: Strikes out looking
Batting: LHB Alberto Torres 0-0: Ball
1-0: Ground out U3 (Groundball, 3)
Bottom of the 6th over - 0 run(s), 0 hit(s), 0 error(s), 0 left on base; Port Royal 1 - Phoenix 7
TOP OF THE 7TH
Port Royal Disaster batting - Pitching for Phoenix Hotspur Reserves : RHP Cory Sanders
Batting: LHB Brian Boone 0-0: Bunt missed!
0-1: Ball
1-1: Called Strike
1-2: Strikes out swinging
Batting: SHB Tim Moss 0-0: Foul Ball, location: 2F
0-1: Ground out U3 (Groundball, 3L)
Batting: RHB Martín Méndez 0-0: Ball
1-0: Foul Ball, location: 2F
1-1: Called Strike
1-2: Strikes out swinging
Top of the 7th over - 0 run(s), 0 hit(s), 0 error(s), 0 left on base; Port Royal 1 - Phoenix 7
BOTTOM OF THE 7TH
Phoenix Hotspur Reserves batting - Pitching for Port Royal Disaster : RHP Santiago Hernández
Batting: RHB Paul Campbell 0-0: SINGLE (Groundball, 56)
Batting: LHB Dave Wynn 0-0: Called Strike
0-1: Fielders Choice at 2nd, 1-6 (Groundball, 15)
Batting: RHB José Bocanegra 0-0: Ball
1-0: Ball
2-0: Ball
3-0: Base on Balls
Dave Wynn to second
Batting: LHB Edgardo Téllez 0-0: Ball
1-0: Called Strike
1-1: Ground out 4-3 (Groundball, 34D)
Dave Wynn to third
José Bocanegra to second
Batting: RHB Greg Griffin 0-0: Fly out, F6 (Popup, 5D)
Bottom of the 7th over - 0 run(s), 1 hit(s), 0 error(s), 2 left on base; Port Royal 1 - Phoenix 7
TOP OF THE 8TH
Port Royal Disaster batting - Pitching for Phoenix Hotspur Reserves : RHP Cory Sanders
Now at 1B: Miguel Soto
Batting: LHB Chris Whiteside 0-0: Ball
1-0: Fly out, F5 (Popup, 25F)
Batting: RHB Clement Fields 0-0: Foul Ball, location: 2F
0-1: Ball
1-1: Called Strike
1-2: Foul Ball, location: 2F
1-2: Ball
2-2: SINGLE (Groundball, 56D)
Pitching: RHP Armando Féliz
Batting: RHB Mike Green 0-0: Ball
1-0: Ball
2-0: Swinging Strike
2-1: Called Strike
2-2: Foul Ball, location: 2F
2-2: Foul Ball, location: 2F
2-2: Foul Ball, location: 2F
2-2: Foul Ball, location: 2F
2-2: Ball
3-2: Grounds into double play, 6-4-3 (Groundball, 6)
Top of the 8th over - 0 run(s), 1 hit(s), 0 error(s), 0 left on base; Port Royal 1 - Phoenix 7
BOTTOM OF THE 8TH
Phoenix Hotspur Reserves batting - Pitching for Port Royal Disaster : RHP Santiago Hernández
Batting: RHB Jaime Chavarriaga 0-0: SOLO HOME RUN (Flyball, 9D), Distance : 381 ft
Batting: SHB John Jenkins 0-0: SINGLE (Line Drive, 9S)
Batting: SHB Roberto López 0-0: Sac Bunt - play at first, batter OUT! 2-4
John Jenkins to second
Batting: LHB Alberto Torres 0-0: Swinging Strike
0-1: Swinging Strike
0-2: Strikes out looking
Batting: RHB Paul Campbell 0-0: Called Strike
0-1: Ball
1-1: Called Strike
1-2: Ball
2-2: Strikes out swinging
Bottom of the 8th over - 1 run(s), 2 hit(s), 0 error(s), 1 left on base; Port Royal 1 - Phoenix 8
TOP OF THE 9TH
Port Royal Disaster batting - Pitching for Phoenix Hotspur Reserves : RHP Armando Féliz
Batting: RHB Toshitsugu Sakamoto 0-0: Ball
1-0: Foul Ball, location: 2F
1-1: Foul Ball, location: 2F
1-2: Ground out 5-3 (Groundball, 5S)
Batting: LHB Nelson Sanders 0-0: Ball
1-0: Ball
2-0: Ground out U3 (Groundball, 3S)
Batting: RHB Wayne Rose 0-0: Ball
1-0: Swinging Strike
1-1: Ball
2-1: Foul Ball, location: 2F
2-2: Strikes out looking
Top of the 9th over - 0 run(s), 0 hit(s), 0 error(s), 0 left on base; Port Royal 1 - Phoenix 8
This league is powered by Out of the Park Baseball, the baseball management simulation game for PC, Mac and Linux
Friday, October 23rd, 2015 - OOTP Baseball 16.9 Build 39